 Dungeon Crawl Stone Soup version 0.22-a0-443-g17c3723 (webtiles) character file.

581 xccam the Skirmisher (level 7, -3/64 HPs)
             Began as a Minotaur Monk on June 1, 2018.
             Slain by a water moccasin (4 damage)
             ... on level 5 of the Dungeon.
             The game lasted 00:07:44 (5461 turns).

xccam the Skirmisher (Minotaur Monk)                Turns: 5461, Time: 00:07:45

Health: -3/64      AC:  0    Str: 17    XL:     7   Next: 13%
Magic:  6/6        EV: 12    Int:  7    God:
Gold:   232        SH: 11    Dex: 16    Spells: 6/6 levels left

rFire    . . .     SeeInvis .     - Unarmed
rCold    . . .     Gourm    .   a - +1 shield
rNeg     . . .     Faith    .   (no armour)
rPois    .         Spirit   .   (helmet restricted)
rElec    .         Reflect  .   (no cloak)
rCorr    .         Harm     .   (no gloves)
MR       .....                  (no boots)
Stlth    ++........             (no amulet)
HPRegen  0.20/turn              l - ring of flight
MPRegen  0.10/turn              o - +3 ring of dexterity

@: no status effects
A: retaliatory headbutt, horns 2
a: Evoke Flight


You were on level 5 of the Dungeon.
You were hungry.

You visited 1 branch of the dungeon, and saw 5 of its levels.

You collected 232 gold pieces.

Inventory:

Armour
 a - a +1 shield (worn)
Jewellery
 l - a ring of flight (left hand)
 o - a +3 ring of dexterity (right hand)
Wands
 i - a wand of digging (3)
 n - a wand of flame (20)
Scrolls
 d - a scroll of amnesia {unknown}
 f - 4 scrolls of teleportation
 m - 5 scrolls of remove curse
 t - a scroll of fear {unknown}
Potions
 c - 2 potions of brilliance
 g - 3 potions of degeneration
 h - 4 potions of flight
Comestibles
 b - 5 rations


   Skills:
 + Level 6.5 Fighting
 - Level 3.2 Dodging
 - Level 1.5 Stealth
 + Level 4.9 Shields
 + Level 5.8 Unarmed Combat


You had 6 spell levels left.
You didn't know any spells.
Your spell library contained the following spells:

 Spells                   Type           Power        Failure   Level  Hunger
 Confuse                  Hex            #.......     99%         3    ####...
 Confusing Touch          Hex            #.....       86%         1    ##.....
 Metabolic Englaciation   Hex/Ice        #.........   100%        5    ######.
 Petrify                  Tmut/Erth      #.......     100%        4    #####..
 Gell's Gravitas          Tloc           #.........   99%         3    ####...
 Yara's Violent Unravell  Hex/Tmut       #.........   100%        5    ######.


Dungeon Overview and Level Annotations

Branches:
Dungeon (5/15)
 Temple: D:4-7

Altars:
Fedhas
Okawaru
Trog


Innate Abilities, Weirdness & Mutations

You reflexively headbutt those who attack you in melee.
You have a pair of horns on your head.


Message History

Found 20 stones.
Your magical contamination has completely faded away.
The crimson imp blinks!
The worker ant misses you. The worker ant closely misses you.
You furiously retaliate!
You headbutt the worker ant. You block the water moccasin's attack.
You closely miss the water moccasin. The water moccasin bites you.
* * * LOW HITPOINT WARNING * * *
The water moccasin barely misses you.
You hit the water moccasin.
The water moccasin is lightly wounded.
The water moccasin bites you!
* * * LOW HITPOINT WARNING * * *
Why would you want to do that?
Unknown command.
As you read the scroll labeled QITINTIMUTSA, it crumbles to dust.
It is a scroll of enchant armour.
Your +0 shield glows green for a moment.
The water moccasin bites you.
You die...

........###.#..........#####
##...#...##.#.........o.....
##...........#...#.########.#
#.>.........###..#.# ##. .#
#...........# #....#### ## .#
#.>.........###.##....### # .#.
##..........##...(......# # .#.#
##.......#.####........# # .#.#
#.##.####.@Sa#........# ### .#.##
#.##.# ####5#........###.#
....###.##.## #.a..#........#....
.....##.##.##.#.####........#...#
........##.##........#.#####.....
.......##.........##.#..##....$..
..(...###.#.#.#.#(##.##.##.##....
.....## #........5##.# .. .. #..
....## #.#.#.#.#....# .##. #..


You could see a water moccasin, a worker ant and a crimson imp.

Vanquished Creatures
  Duvessa (D:5)
  Dowan (D:5)
  A crimson imp (D:5)
  A bullfrog zombie (D:5)
  2 hounds (D:4)
  An orc priest (D:4)
  An orc wizard (D:4)
  An iguana (D:4)
  2 worker ants (D:4)
  5 adders
  6 worms
  2 dart slugs
  2 leopard geckos
  12 orcs
  6 bats
  5 giant cockroaches
  3 goblins
  10 hobgoblins
  5 jackals (D:3)
  12 kobolds
  2 ball pythons
  3 frilled lizards
  A leopard gecko zombie (D:5)
  9 rats
94 creatures vanquished.

Notes
Turn   | Place    | Note
-------+----------+-------------------------------------------
     0 | D:1      | xccam the Minotaur Monk began the quest for the Orb.
     0 | D:1      | Reached XP level 1. HP: 19/19 MP: 0/0
   423 | D:1      | Reached skill level 4 in Fighting
   493 | D:1      | Reached XP level 2. HP: 27/27 MP: 1/1
   617 | D:1      | Reached skill level 1 in Shields
  1084 | D:2      | Found an iron altar of Okawaru.
  1612 | D:3      | Reached XP level 3. HP: 33/33 MP: 2/2
  2283 | D:3      | Found a blossoming altar of Fedhas.
  2497 | D:3      | Reached XP level 4. HP: 41/41 MP: 3/3
  3281 | D:4      | Reached skill level 5 in Fighting
  3430 | D:4      | Noticed a moth of wrath
  3433 | D:4      | Found a bloodstained altar of Trog.
  3459 | D:4      | Reached XP level 5. HP: 35/48 MP: 4/4
  3938 | D:4      | Reached skill level 5 in Unarmed Combat
  4110 | D:4      | Reached XP level 6. HP: 56/56 MP: 5/5
  4819 | D:5      | Entered Level 5 of the Dungeon
  4819 | D:5      | Noticed a sky beast
  5138 | D:5      | Reached skill level 6 in Fighting
  5286 | D:5      | Noticed Duvessa
  5288 | D:5      | Noticed Dowan
  5329 | D:5      | Killed Duvessa
  5338 | D:5      | HP: 1/57 [Dowan/dagger of holy wrath (2)]
  5341 | D:5      | Killed Dowan
  5341 | D:5      | Reached XP level 7. HP: 1/64 MP: 6/6
  5460 | D:5      | HP: 1/64 [water moccasin (9)]
  5461 | D:5      | Slain by a water moccasin

Vault maps used:
D:1:      saegor_arrival_simple_c
D:2:      okawaru_metal_pillars_1_2
D:3:      nicolae_overflow_crystal_walls
D:4:      first_ration, tgw_trog
D:5:      serial_co_window_serial, co_window_of_opportunity_a,
          co_window_corner_a, co_window_paths_a, co_window_paths_b,
          co_window_corner_a, co_window_paths_a, co_window_corner_a,
          co_window_corner_cb, co_window_broadway_b, co_window_cross_3,
          co_window_4corner_b, glass_columns_a, glass_columns_c,
          glass_columns_c, corexii_corridor_pit, uniq_pikel, uniq_duvessa

Skill      XL: |  1  2  3  4  5  6 |
---------------+-------------------+-----
Fighting       | 4 5 6 |  6.5
Shields        | 1 2 3 4 |  4.9
Unarmed Combat | 4 5 |  5.8
Dodging        | |  3.2
Stealth        | |  1.5

Action                   |  1- 3 |  4- 6 |  7- 9 || total
-------------------------+-------+-------+-------++-------
Melee: Unarmed           |    97 |   180 |    12 ||   289
       Headbutt          |    22 |    28 |       ||    50
  Use: Scroll            |       |     7 |     1 ||     8
       Potion            |       |     6 |       ||     6
 Stab: Sleeping          |     9 |     7 |       ||    16
       Invisible         |       |     1 |     4 ||     5
  Eat: Chunk             |     4 |     6 |       ||    10
       Ration            |       |     1 |       ||     1
Armor: Skin              |       |     1 |     5 ||     6
Dodge: Dodged            |    50 |    64 |     7 ||   121
Block: Shield            |    22 |    73 |     3 ||    98

Table legend:
 A = Spawn XP
 B = Non-spawn XP
 C = Spawn XP percentage of total XP
 D = Spawn monster count
 E = Non-spawn monster count
 F = Spawn count percentage of total count
 G = Total turns spent on level
                    A         B        C        D         E        F      G
               +---------+---------+-------+---------+---------+-------+---------
         Total |       0 |     830 |   0.0 |       0 |      94 |   0.0 |  5461
               +---------+---------+-------+---------+---------+-------+---------
           D:1 |       0 |      32 |   0.0 |       0 |      20 |   0.0 |   924
           D:2 |       0 |       5 |   0.0 |       0 |       3 |   0.0 |   655
           D:3 |       0 |      83 |   0.0 |       0 |      35 |   0.0 |  1654
           D:4 |       0 |     368 |   0.0 |       0 |      23 |   0.0 |  1844
           D:5 |       0 |     342 |   0.0 |       0 |      13 |   0.0 |   384
               +---------+---------+-------+---------+---------+-------+---------
